[Event "Late-Titled-Tuesday-Blitz-January-16-2024"]
[Site "Chess.com"]
[Date "2024.01.16"]
[Round "10"]
[White "campochess"]
[Black "Kostukov_Alex"]
[Result "1-0"]
[WhiteElo "2148"]
[BlackElo "2288"]
[TimeControl "180+1"]
[EndTime "15:57:04 PST"]
[Termination "campochess won by checkmate"]

1. e4 c5 2. c3 g6 3. d4 cxd4 4. cxd4 d5 5. exd5 Nf6 6. Nc3 Nxd5 7. Bc4 Nb6 8. Bb5+ N8d7 9. Nf3 Bg7 10. Be3 O-O 11.
O-O Nf6 12. h3 a6 13. Be2 Nfd5 14. Ne4 Nxe3 15. fxe3 Nd5 16. Qb3 Bh6 17. Nfg5 e6 18. h4 f5 19. Nc5 Bxg5 20. hxg5 Qxg5 21. Rf3 Kh8 22. Bc4 Nf6 23. Bxe6 Ng4 24. Qc3 h5 25.
Raf1 Qe7 26. d5+ Kh7 27. e4 Bxe6 28. Nxe6 Rac8 29. Qd2 Rf6 30. exf5 gxf5 31. Rxf5 Rxf5 32. Rxf5 Rg8 33. Rxh5+ Kg6 34. Rg5+ Kf7 35. Qf4+ Nf6 36. Rf5 Rg6 37. Ng5+ Kg7 38. Nf3 Qe1+ 39. Nxe1 Kf7 40. Qc7+ Kg8 41. Nf3 Rg7 42. Qe5 Kf7 43. Rxf6+ Kg8 44.
Qe8+ Kh7 45. Qh5+ Kg8 46. Ng5 b5 47. Qe8# 1-0

[Event "Late-Titled-Tuesday-Blitz-January-16-2024"]
[Site "Chess.com"]
[Date "2024.01.16"]
[Round "10"]
[White "Hikaru"]
[Black "jefferyx"]
[Result "1/2-1/2"]
[WhiteElo "3220"]
[BlackElo "3009"]
[TimeControl "180+1"]
[EndTime "15:57:06 PST"]
[Termination "Game drawn by repetition"]

1. Nf3 c5 2. e4 d6 3. Bb5+ Nc6 4. O-O Bd7 5. c3 Nf6 6. Re1 a6 7. Bf1 Bg4 8. d3 Bxf3 9. Qxf3 e6 10. Qd1 Be7 11. Nd2 O-O 12. g3 b5 13. Bg2 Rb8 14. a3 a5 15. f4 Nd7 16. e5 Qc7 17. exd6 Bxd6 18. Ne4 Be7 19. Be3 Rfd8 20. Qe2 b4 21. axb4 axb4 22. Bf2 h6 23. h3 bxc3 24. bxc3 Ra8 25.
Kh2 Rxa1 26. Rxa1 Rb8 27. Ra6 Rb6 28. Qa2 Rxa6 29. Qxa6 Bf8 30. Qb5 Na7 31. Qa4 Nc8 32. Bf3 Nd6 33. Kg2 Nxe4 34. dxe4 e5 35. f5 c4 36. Be2 Nf6 37. Bf3 Nd7 38. g4 Bc5 39.
Qxc4 Qb6 40. Be1 Qb1 41. Qe2 Qc1 42. Qd2 Qb1 43. Qd1 Qb2+ 44. Qd2 Qb1 45. h4 Nf6 46. Qe2 Qc1 47. Bd2 Qg1+ 48. Kh3 Nxg4 49. Bxg4 Bf2 50. Qf3 Qf1+ 51. Kh2 Qg1+ 52. Kh3 Qf1+ 53.
Kh2 Qg1+ 54. Kh3 1/2-1/2

[Event "Late-Titled-Tuesday-Blitz-January-16-2024"]
[Site "Chess.com"]
[Date "2024.01.16"]
[Round "10"]
[White "BardArtem"]
[Black "Goryachkina"]
[Result "1-0"]
[WhiteElo "2816"]
[BlackElo "2687"]
[TimeControl "180+1"]
[EndTime "15:57:06 PST"]
[Termination "BardArtem won on time"]

1. e4 c5 2. a3 b6 3. b4 Bb7 4. Nc3 e6 5. bxc5 Bxc5 6. d4 Be7 7. Nf3 Nf6 8. Bd3 d5 9. e5 Ne4 10. Ne2 O-O 11. O-O Nd7 12. Bb2 Qe8 13. Ne1 f6 14. f3 Ng5 15. h4 Nf7 16. f4 fxe5 17. fxe5 Bxh4 18. Nf3 Be7 19. Nf4 Ng5 20. Nxg5 Bxg5 21.
Qg4 Bxf4 22. Rxf4 Rxf4 23. Qxf4 Qe7 24. Bc3 a5 25. Bd2 Ba6 26. Bxa6 Rxa6 27. c4 dxc4 28. Qe4 Nf8 29. Rf1 Ra7 30. Qc6 Qd8 31. d5 exd5 32. e6 Re7 33. Bg5 h6 34. Bxe7 Qxe7 35. Rf7 Qg5 36. Qe8 Qe3+ 37. Rf2 Qe1+ 38. Rf1 Qe3+ 39. Kh1 Kh7 40. e7 Ng6 41. Qf7 1-0

[Event "Late-Titled-Tuesday-Blitz-January-16-2024"]
[Site "Chess.com"]
[Date "2024.01.16"]
[Round "10"]
[White "laskakid"]
[Black "TheMagician"]
[Result "1-0"]
[WhiteElo "2320"]
[BlackElo "2165"]
[TimeControl "180+1"]
[EndTime "15:57:08 PST"]
[Termination "laskakid won on time"]

1. d4 Nf6 2. c4 g6 3. Nc3 d5 4.
Nf3 Bg7 5. Bg5 Ne4 6. Bf4 c6 7. e3 O-O 8. Qb3 dxc4 9. Bxc4 Nd6 10. Be2 Be6 11. Qc2 a5 12. O-O Na6 13. e4 Bg4 14. Rad1 Rc8 15. h3 Be6 16. Rfe1 Bc4 17. Bxc4 Nxc4 18. Qb3 b5 19. a4 Nc7 20. axb5 cxb5 21. Nxb5 Nxb5 22. Qxb5 Qe8 23. Qxe8 Rfxe8 24. b3 Nb6 25.
Rc1 a4 26. bxa4 Nxa4 27. d5 Nc3 28. Kf1 f5 29. exf5 Nxd5 30. Rxc8 Rxc8 31. Bg5 gxf5 32. Bxe7 Nxe7 33. Rxe7 Bf6 34. Re6 Kf7 35. Re1 Rc7 36.
g3 Ra7 37. Kg2 h6 38. Rb1 Rc7 39. Rb5 Kg6 40. Rb6 Kf7 41. Rb5 Kg6 42. h4 Ra7 43.
h5+ Kxh5 44. Rxf5+ Kg6 45. Rb5 Ra6 46. Nh2 Rc6 47.
Ng4 Bg7 48. f4 h5 49. Ne3 Ra6 50. Kf3 Bd4 51. Rg5+ Kf6 52. Nd5+ Ke6 53. Rxh5 1-0

[Event "Late-Titled-Tuesday-Blitz-January-16-2024"]
[Site "Chess.com"]
[Date "2024.01.16"]
[Round "10"]
[White "vova-79"]
[Black "APOKALIPSA13"]
[Result "1-0"]
[WhiteElo "2573"]
[BlackElo "2187"]
[TimeControl "180+1"]
[EndTime "15:57:12 PST"]
[Termination "vova-79 won by resignation"]

1. d4 e5 2. dxe5 Nc6 3. Nf3 Qe7 4. Bf4 Qb4+ 5. Bd2 Qxb2 6. Nc3 Bb4 7. Rb1 Qxc3 8. Bxc3 Bxc3+ 9. Nd2 Bxe5 10. e3 Nf6 11. Bd3 O-O 12. O-O d5 13. Nf3 Bc3 14. Rb3 Ba5 15. h3 h6 16. Bb5 Ne7 17. Nd4 a6 18.
Be2 c5 19. Nf3 b5 20. Ne5 c4 21. Rb1 Bc3 22. f4 Nf5 23. Qc1 Ng3 24. Bf3 Nfe4 25. Bxe4 Ne2+ 26. Kh2 Nxc1 27. Bxd5 Ra7 28. Rbxc1 Be6 29.
Bxe6 fxe6 30. Nf3 Rd7 31. Rcd1 Rfd8 32. Rxd7 Rxd7 33. Kg3 Rd2 34. Nxd2 Bxd2 35. Kf3 b4 36. Rd1 Bc3 37. Rd8+ Kf7 38. Rc8 a5 39. Rxc4 Kf6 40.
Ke4 g5 41. g4 Bd2 42. Rc6 Kf7 43. Ra6 Ke7 44. Rxa5 b3 45. Ra7+ Kf6 46. cxb3 Kg6 47. Ra6 Kf6 48. a4 Bb4 49. f5 Kg7 50. Rxe6 h5 51. Kd5 hxg4 52. hxg4 Kf8 53. e4 Kg7 54. e5 Kf7 55. Rb6 Bd2 56. Rb7+ Ke8 57. Ke6 Kd8 58. Rh7 Kc8 59. f6 Bb4 60. Kf5 1-0

[Event "Late-Titled-Tuesday-Blitz-January-16-2024"]
[Site "Chess.com"]
[Date "2024.01.16"]
[Round "10"]
[White "FredddieCroderg"]
[Black "thesupera12"]
[Result "1-0"]
[WhiteElo "2378"]
[BlackElo "2502"]
[TimeControl "180+1"]
[EndTime "15:57:13 PST"]
[Termination "FredddieCroderg won by checkmate"]

1. e4 b6 2. d4 Bb7 3. Bd3 e6 4.
Qe2 c5 5. c3 cxd4 6. cxd4 Nc6 7.
Nf3 Bb4+ 8. Nc3 Nge7 9. O-O O-O 10. Be3 d5 11. e5 Rc8 12. Ng5 h6 13. Nh7 Re8 14.
Qh5 Nf5 15. Bxf5 exf5 16. Bxh6 Re6 17. Bg5 Qe8 18. Nxd5 f6 19. Nhxf6+ gxf6 20. Nxf6+ Rxf6 21. Qxe8+ Rxe8 22. Bxf6 Nxd4 23. Rfd1 Ne2+ 24. Kh1 Nf4 25. f3 Bd5 26. Rac1 Bc5 27. Bg5 Ne6 28. Rxd5 Nxg5 29.
f4 Ne4 30. h3 Ng3+ 31. Kh2 Ne2 32. Rf1 Be3 33. g3 Bc5 34. Rfd1 Kf7 35. R1d2 Nc1 36. Rd7+ Ke6 37. a3 Nb3 38. R2d5 Rc8 39. h4 Be7 40. h5 Rc2+ 41. Kh3 Rc1 42. Rxe7+ Kxe7 43. Rd6 Rh1+ 44.
Kg2 Rxh5 45. Rf6 Nc5 46. g4 fxg4 47. Kg3 Ne4+ 48. Kxg4 Rh2 49. Rg6 Rxb2 50. Kf5 Nc5 51. Rg7+ Kf8 52. Rxa7 Rb3 53. Kf6 Rf3 54. Ra8# 1-0

[Event "Late-Titled-Tuesday-Blitz-January-16-2024"]
[Site "Chess.com"]
[Date "2024.01.16"]
[Round "10"]
[White "dosto07"]
[Black "Durarbayli"]
[Result "0-1"]
[WhiteElo "2539"]
[BlackElo "2838"]
[TimeControl "180+1"]
[EndTime "15:57:15 PST"]
[Termination "Durarbayli won on time"]

1. e4 c5 2. Nf3 d6 3. Bb5+ Bd7 4. Bxd7+ Qxd7 5. O-O Nc6 6. Qe2 e6 7. c3 d5 8. e5 Nge7 9. d4 cxd4 10. cxd4 Nf5 11.
Rd1 Be7 12. Nc3 O-O 13. g4 Nh6 14. Bxh6 gxh6 15. Qe3 Kg7 16. Ne2 Rg8 17. Ng3 Kh8 18. h3 Rg6 19. Kh1 Rf8 20. Nh5 f5 21. exf6 Bxf6 22. Nf4 Rg7 23. Qxe6 Bd8 24. Qxd7 Rxd7 25. Ne6 Rxf3 26. Kg2 Rf6 27. Re1 Bb6 28. Rad1 Re7 29. Nc5 Bxc5 30. dxc5 Ref7 31. Re2 d4 32. b4 a6 33. a4 Nxb4 34. Rxd4 Nc6 35. Rd6 Kg7 36. Rxf6 Kxf6 37. Kg3 Re7 38. Rb2 Ke5 39. Rd2 Nd4 40. f4+ Kd5 41. f5 Re3+ 42. Kg2 Re2+ 43. Rxe2 Nxe2 44. Kf3 Nd4+ 45. Kf4 Kxc5 46. h4 b5 47.
axb5 axb5 48. Ke5 b4 49. f6 Nf3+ 50. Ke6 Nxh4 51. f7 Ng6 52. Kf6 b3 53. g5 b2 54.
gxh6 b1=Q 55. Kg7 Qb2+ 56. Kxh7 Qh8+ 57. Kxg6 Kd6 58. f8=Q+ Qxf8 59. h7 Ke7 60. h8=Q Qxh8 0-1

[Event "Late-Titled-Tuesday-Blitz-January-16-2024"]
[Site "Chess.com"]
[Date "2024.01.16"]
[Round "10"]
[White "Maect19"]
[Black "rdarruda"]
[Result "0-1"]
[WhiteElo "2358"]
[BlackElo "2489"]
[TimeControl "180+1"]
[EndTime "15:57:15 PST"]
[Termination "rdarruda won by resignation"]

1. Nf3 d5 2. e3 Nf6 3. c4 c6 4. b3 g6 5. Bb2 Bg7 6. d4 O-O 7. Be2 Nbd7 8. O-O Ne4 9. Nbd2 Ndf6 10. Nxe4 Nxe4 11. Nd2 Nxd2 12. Qxd2 Be6 13. f3 f5 14.
Rae1 Bf7 15. Bd3 Qb6 16. Kh1 Rad8 17. Ba3 Rfe8 18. Qb4 Qxb4 19. Bxb4 e5 20. cxd5 Rxd5 21. Bc4 Rdd8 22. Bxf7+ Kxf7 23. dxe5 Rxe5 24. Kg1 Rd3 25. Kf2 Rb5 26. a3 Rxb3 27. Rd1 Rb2+ 28. Kg3 Be5+ 29. f4 a5 30. Rd7+ Kg8 31. Be7 Bg7 32. Rfd1 Rd5 33. R7xd5 cxd5 34. Rxd5 b5 35. Bc5 Bc3 36. Rd8+ Kf7 37.
Rd7+ Ke6 38. Rxh7 Rb3 39. Rb7 Kd5 40. Bf8 Bd2 41. Kf2 Bxe3+ 42. Kf3 Bc5+ 43. Ke2 Bxf8 44. Rd7+ Kc6 45. Rf7 Bc5 46. Rf6+ Kd5 47. Rxg6 Rxa3 48. Rf6 Ke4 49. g3 b4 50. Re6+ Kd4 51. Rf6 b3 52.
Kd2 Ra2+ 53. Kc1 Ba3+ 54. Kb1 Rxh2 55. Rd6+ Bxd6 0-1

[Event "Late-Titled-Tuesday-Blitz-January-16-2024"]
[Site "Chess.com"]
[Date "2024.01.16"]
[Round "10"]
[White "Smile2005"]
[Black "The_Straightforward_Rook"]
[Result "1-0"]
[WhiteElo "2366"]
[BlackElo "2456"]
[TimeControl "180+1"]
[EndTime "15:57:15 PST"]
[Termination "Smile2005 won by checkmate"]

1. e4 c6 2. Nf3 d5 3. d3 Nd7 4. Nc3 e6 5. Qe2 Bb4 6. Bd2 Ne7 7. exd5 cxd5 8. g3 O-O 9. Bg2 Nf5 10. O-O h6 11. d4 Nb6 12. a3 Be7 13. Ne5 Nxd4 14. Qd3 Nf5 15. b3 Bf6 16. f4 Nd7 17. Rae1 Nxe5 18.
fxe5 Bg5 19. Bxg5 Qxg5 20. Nb5 Bd7 21. Nd4 Nxd4 22. Qxd4 b6 23. c4 Bc6 24. cxd5 Bxd5 25. Bxd5 Rad8 26. Qa4 Rxd5 27. Qxa7 Rxe5 28. Rxe5 Qxe5 29.
Qxb6 Rb8 30. Qa7 Rf8 31. b4 h5 32. a4 h4 33. Qf2 h3 34. b5 f6 35. b6 Qd5 36.
Rb1 Ra8 37. b7 Rb8 38. Qb2 Qc5+ 39. Qf2 Qc6 40. Qf1 Qxa4 41. Qe2 Qa7+ 42. Kf1 Rxb7 43.
Qxe6+ Kf8 44. Qc8+ Kf7 45. Rxb7+ Kg6 46. Rxa7 Kg5 47.
Qxh3 Kg6 48. Ra5 Kf7 49. Qh5+ g6 50. Qh7+ Ke6 51. Qc7 f5 52. Ra6+ Kd5 53. Qc6+ Kd4 54.
Ra4+ Ke3 55. Qc3# 1-0

[Event "Late-Titled-Tuesday-Blitz-January-16-2024"]
[Site "Chess.com"]
[Date "2024.01.16"]
[Round "10"]
[White "tarno17"]
[Black "McCarthyStone"]
[Result "0-1"]
[WhiteElo "2161"]
[BlackElo "2308"]
[TimeControl "180+1"]
[EndTime "15:57:17 PST"]
[Termination "McCarthyStone won by resignation"]

1. e4 c5 2. Nf3 Nc6 3. Bb5 e6 4. O-O Nge7 5. c3 Qb6 6. Ba4 d5 7. exd5 Nxd5 8. Bc2 Bd6 9. d3 Bd7 10. Nbd2 Qc7 11. Ne4 Be7 12. Bg5 Nf6 13. Bxf6 gxf6 14. d4 O-O-O 15. Qe2 cxd4 16. Nxd4 f5 17. Ng3 Nxd4 18.
cxd4 Bc6 19. Rac1 Kb8 20. Rfe1 Bg5 21. Rcd1 h5 22. Bb3 h4 23. Nf1 h3 24. g3 f4 25.
Qe5 fxg3 26. fxg3 Qxe5 27. Rxe5 Bf6 28. Re2 Bxd4+ 29. Rf2 Bxf2+ 30. Kxf2 Rxd1 31. Bxd1 f5 32. Ne3 Kc7 33. Bb3 e5 34. Be6 f4 35. gxf4 exf4 36. Ng4 Bd7 37. Bxd7 Kxd7 38. Ne5+ Ke6 39. Ng6 Rc8 40.
Nxf4+ Kf5 41. Nxh3 Rc2+ 42. Kg3 Rxb2 43. Ng1 Rxa2 44.
h4 Ra1 45. Nf3 Ra3 46. h5 Rxf3+ 47. Kxf3 Kg5 48. Ke4 Kxh5 49. Kd5 Kg5 50. Kc4 Kf5 51. Kb4 Ke5 52. Ka5 Kd5 53. Ka4 Kc5 54. Ka5 a6 55.
Ka4 b6 56. Ka3 Kb5 57. Kb3 a5 58. Ka3 Kc4 59. Kb2 Kb4 60. Ka2 b5 61. Kb2 a4 62.
Ka2 Ka5 63. Ka3 b4+ 64. Kb2 Kb5 65. Ka2 Kc4 66. Kb2 a3+ 67. Ka2 Kc3 68. Ka1 Kc2 69. Ka2 b3+ 70. Kxa3 b2 0-1

[Event "Late-Titled-Tuesday-Blitz-January-16-2024"]
[Site "Chess.com"]
[Date "2024.01.16"]
[Round "10"]
[White "dropstoneDP"]
[Black "mishanick"]
[Result "0-1"]
[WhiteElo "3017"]
[BlackElo "3102"]
[TimeControl "180+1"]
[EndTime "15:57:18 PST"]
[Termination "mishanick won by resignation"]

1. e4 c5 2. Nf3 e6 3. Nc3 Nc6 4. h4 Nf6 5. Bb5 d5 6. exd5 exd5 7. Ne5 Bd7 8. Nxd7 Qxd7 9. O-O Be7 10. d3 O-O 11.
Bg5 h6 12. Bxf6 Bxf6 13. g3 a6 14. Bxc6 Qxc6 15. Qf3 Rad8 16. Rfe1 b5 17. Rab1 b4 18. Ne2 Qa4 19. Nf4 Qxa2 20. b3 Bc3 21. Red1 Qxc2 22. Nxd5 Rfe8 23. Rdc1 Qd2 24. Rd1 Qa2 25. Kf1 Bd4 26.
Nf4 a5 27. Ne2 Bf6 28. Nf4 a4 29. bxa4 Qxa4 30. Rdc1 b3 31. Rxc5 b2 32. Kg2 Qa2 33. Qd1 Qa8+ 34. Kh2 Bd4 35. Rc2 Rb8 36. Ne2 Bxf2 37.
Rcxb2 Rxb2 38. Rxb2 Qf3 39. Qf1 Re3 40. Qg2 Qf6 41.
Nf4 Bxg3+ 42. Qxg3 Rxg3 43. Rb8+ Kh7 44. Kxg3 g5 45.
hxg5 hxg5 46. Rb4 gxf4+ 47. Rxf4 Qe5 48. Kf3 f5 49. Rc4 Kg6 50. Rc8 Qd5+ 51. Ke2 Qe6+ 0-1

[Event "Late-Titled-Tuesday-Blitz-January-16-2024"]
[Site "Chess.com"]
[Date "2024.01.16"]
[Round "10"]
[White "MasterofMasters2006"]
[Black "Bryanl106"]
[Result "0-1"]
[WhiteElo "2253"]
[BlackElo "2569"]
[TimeControl "180+1"]
[EndTime "15:57:20 PST"]
[Termination "Bryanl106 won on time"]

1. d4 Nf6 2. c4 g6 3. Nc3 Bg7 4. e4 d6 5. f3 O-O 6. Be3 c6 7.
Nge2 a6 8. Qd2 b5 9. Ng3 Nbd7 10. Be2 e5 11. dxe5 Nxe5 12. cxb5 axb5 13. Rd1 b4 14. Nb1 Rxa2 15. Qxb4 c5 16. Qd2 Qb6 17. Qxd6 Qxd6 18. Rxd6 Rxb2 19. O-O h5 20. Nd2 h4 21. Nh1 c4 22.
Bxc4 Rxd2 23. Bxf7+ Nxf7 24. Rxd2 g5 25. h3 Nh5 26. Rc1 Be5 27. Nf2 Be6 28. Rc5 Bf4 29.
Bxf4 Nxf4 30. Nd1 Ra8 31. Rc1 Ra5 32. Ne3 Kg7 33. Kf2 Ne5 34. Rcd1 Ra3 35. Rd8 Ra2+ 36.
R8d2 Ra3 37. Rd8 Kg6 38. R8d6 Ra2+ 39. R1d2 Ned3+ 40. Rxd3 Nxd3+ 41. Ke2 Nf4+ 42. Ke1 Ra3 43. Kf2 Rd3 44. Rxd3 Nxd3+ 45. Ke2 Nf4+ 46. Kf2 Nh5 47. Nc2 Kf6 48. Nd4 Ke5 49. Nc6+ Kd6 50. Nd4 Bd7 51. Nc2 Kc5 52. Ne3 Kd4 53. Nf1 Nf4 0-1

[Event "Late-Titled-Tuesday-Blitz-January-16-2024"]
[Site "Chess.com"]
[Date "2024.01.16"]
[Round "10"]
[White "varunkrishnanchess"]
[Black "dretch"]
[Result "0-1"]
[WhiteElo "2644"]
[BlackElo "2797"]
[TimeControl "180+1"]
[EndTime "15:57:23 PST"]
[Termination "dretch won by resignation"]

1. e4 e6 2. d4 d5 3. Nc3 Nf6 4. e5 Nfd7 5. f4 c5 6. Nf3 Nc6 7. Be3 cxd4 8. Nxd4 Bc5 9. Qd2 O-O 10. O-O-O a6 11. h4 Nxd4 12. Bxd4 b5 13. h5 b4 14.
Ne2 a5 15. g4 Qb6 16. g5 a4 17. Kb1 b3 18. cxb3 axb3 19. a3 Ba6 20. Nc3 Bxd4 21. Qxd4 Qxd4 22. Rxd4 Nb6 23. Bh3 g6 24. hxg6 hxg6 25.
Bg4 Kg7 26. Rd2 Rh8 27. Rdh2 Bd3+ 28. Kc1 Rxh2 29. Rxh2 d4 30. Ne2 Rd8 31. Kd2 Bc2 32. Ng3 Nc4+ 33. Kc1 d3 34. Ne4 Rd4 35. Bf3 d2+ 36.
Nxd2 Nxd2 37. Rxd2 Rxf4 38. Bd1 Bxd1 39. Kxd1 Rf1+ 40.
Ke2 Rf5 41. Kd3 Rxe5 42. Kc4 Rxg5 43. a4 Kf6 44. Kxb3 Ke7 45. Kc4 Ra5 46. Kb4 Ra8 47. a5 g5 48. Ka4 Rd8 49. Rg2 Rg8 50. b4 Kd6 51. b5 g4 52. b6 g3 53. a6 Kc6 54. b7 Kc7 55. Rc2+ Kb8 56. Kb5 g2 57. Rc8+ Rxc8 58. bxc8=Q+ Kxc8 59. a7 Kb7 60. a8=Q+ Kxa8 0-1

[Event "Late-Titled-Tuesday-Blitz-January-16-2024"]
[Site "Chess.com"]
[Date "2024.01.16"]
[Round "10"]
[White "imdarealist"]
[Black "Mikhail_Golubev"]
[Result "1-0"]
[WhiteElo "2303"]
[BlackElo "2482"]
[TimeControl "180+1"]
[EndTime "15:57:23 PST"]
[Termination "imdarealist won on time"]

1. d4 Nf6 2. Bf4 d6 3. e3 Nbd7 4. Nf3 Nh5 5. Bg5 h6 6. Bh4 g5 7. Nfd2 Ndf6 8. Bg3 Bg7 9. Bd3 Nxg3 10. hxg3 b6 11.
e4 Bb7 12. Qe2 Nd7 13. c3 c5 14. Nf3 cxd4 15. cxd4 g4 16. Nh4 Bxd4 17. Nf5 Bf6 18. Nc3 h5 19. f3 gxf3 20. gxf3 Ne5 21. Bb5+ Kf8 22. g4 e6 23. Ne3 a6 24. Ba4 b5 25.
Bb3 Bh4+ 26. Kd1 Qf6 27. gxh5 b4 28. Na4 Nxf3 29. Bc2 Nd4 30. Qd3 Nxc2 31. Nxc2 Ke7 32. Rf1 Qe5 33. Nb6 Qxh5+ 34. Kc1 Rad8 35. Nc4 Qc5 36.
N4e3 Bg5 37. Qe2 Rc8 38. Kd2 Bxe4 39. Rac1 Qd5+ 40. Ke1 Bxe3 41. Qxe3 Rxc2 42. Qa7+ Qb7 43. Qxb7+ Bxb7 44. Rxc2 Rd8 45. Rc7+ Rd7 46. Rxf7+ Kxf7 47. Rxd7+ 1-0

[Event "Late-Titled-Tuesday-Blitz-January-16-2024"]
[Site "Chess.com"]
[Date "2024.01.16"]
[Round "10"]
[White "Polish_fighter3000"]
[Black "Igor_Lysyj"]
[Result "1-0"]
[WhiteElo "3093"]
[BlackElo "2878"]
[TimeControl "180+1"]
[EndTime "15:57:26 PST"]
[Termination "Polish_fighter3000 won by resignation"]

1. b4 d5 2. Bb2 Bf5 3. e3 e6 4.
a3 Nf6 5. Nf3 h6 6. c4 c6 7.
cxd5 cxd5 8. Bb5+ Nbd7 9. O-O a6 10. Ba4 Be7 11. Nc3 O-O 12. Ne2 Rc8 13. d3 Bh7 14. Ng3 b5 15. Bb3 a5 16. Qd2 a4 17.
Ba2 Qb6 18. Rad1 Qb7 19. Nd4 Rc7 20. f4 Rfc8 21. Bb1 Nb8 22. Nge2 Nfd7 23. Nc3 Rxc3 24. Bxc3 Nc6 25. Rc1 Nd8 26. Bb2 Rxc1 27. Rxc1 Bd6 28. Nf3 f6 29. h3 e5 30. Ba2 Kf8 31. fxe5 fxe5 32. Rf1 Ke8 33. Nh4 Nf7 34. Nf5 Bxf5 35. Rxf5 Nf6 36. Qf2 Ke7 37. Kf1 Qc6 38. Ke1 Qc8 39. Kd1 Qc6 40. g4 d4 41. exd4 Qh1+ 42.
Qf1 Qh2 43. Rf2 Qg3 44. Kc2 exd4 45. Bxd4 Ne5 46. Bb1 Nd5 47. Kb2 Ne3 48. Qe2 Qxf2 49.
Qxf2 Nd1+ 50. Kc1 Nxf2 51. Bxf2 Nf3 52. d4 Ng5 53. h4 Nh3 54. Be3 Bf4 55. Kd2 Kd6 56. Bd3 Kc6 57. Bf1 1-0

[Event "Late-Titled-Tuesday-Blitz-January-16-2024"]
[Site "Chess.com"]
[Date "2024.01.16"]
[Round "10"]
[White "SCIM"]
[Black "VerdeNotte"]
[Result "1-0"]
[WhiteElo "2622"]
[BlackElo "2886"]
[TimeControl "180+1"]
[EndTime "15:57:26 PST"]
[Termination "SCIM won on time"]

1. d4 d5 2. c4 e6 3. Nf3 a6 4. Nbd2 Nf6 5. g3 b6 6. Bg2 Bb7 7. O-O Nbd7 8. b3 Bd6 9. Bb2 O-O 10. Rc1 Qe7 11. Qc2 c5 12. e3 Rac8 13. Qb1 cxd4 14. Nxd4 Ba3 15. cxd5 Bxd5 16. Bxd5 Nxd5 17. Nc6 Rxc6 18.
Rxc6 Bxb2 19. Qxb2 Nc5 20. e4 Nf6 21. Rxb6 Qc7 22.
Nc4 Nfxe4 23. Qe5 Qe7 24. b4 f6 25. Qf4 Ng5 26. Qe3 Nd7 27. Rb7 Rd8 28. h4 Nf7 29. Rd1 Qe8 30. Nd6 Nxd6 31. Rxd6 Ne5 32. Qb6 Rc8 33. Rc7 Rb8 34. Rxe6 Qd8 35. Qd6 h5 36. Qxd8+ Rxd8 37. Ree7 Kh7 38. Rxg7+ Kh6 39. Rh7+ Kg6 40.
Rcg7+ Kf5 41. Rxh5+ Ke4 42. Re7 Kf3 43. Rf5+ Kg4 44. Rxf6 Kh3 45. f4 Ng4 46. Rfe6 Rd3 47. Re2 Rxg3+ 48. Kf1 Rf3+ 49. Ke1 Rxf4 50. Kd2 Rxb4 51. h5 Ra4 52. h6 1-0

[Event "Late-Titled-Tuesday-Blitz-January-16-2024"]
[Site "Chess.com"]
[Date "2024.01.16"]
[Round "10"]
[White "karinachess1"]
[Black "EsmeraldasAnderson03"]
[Result "1-0"]
[WhiteElo "2623"]
[BlackElo "2410"]
[TimeControl "180+1"]
[EndTime "15:57:26 PST"]
[Termination "karinachess1 won by checkmate"]

1. d4 d5 2. c4 dxc4 3. e3 a6 4.
Bxc4 Nf6 5. Nc3 e6 6. Nf3 c5 7.
O-O Nc6 8. Qe2 b5 9. Bb3 cxd4 10.
Rd1 Be7 11. Nxd4 Nxd4 12. exd4 Bb7 13. d5 exd5 14. Bg5 O-O 15. Bxf6 Bxf6 16. Nxd5 Bxd5 17. Bxd5 Qe8 18. Qc2 Rc8 19. Qb3 Qe5 20. Rd2 h6 21. Rad1 Rc7 22. g3 Re7 23. h4 g6 24. a4 Rb8 25.
Qc2 Kg7 26. axb5 Rxb5 27. b3 h5 28. Bc4 Rb6 29. Rd7 Rxd7 30. Rxd7 Be7 31. Kg2 Rf6 32. Rd5 Qc7 33. Qd3 Bc5 34. f4 Qa5 35. Qd2 Qa3 36.
f5 Bb4 37. Qc2 Bc5 38. Kh3 Qa1 39. Qg2 Bd6 40. fxg6 Rxg6 41. Rg5 Rxg5 42. hxg5 Qe5 43. Qf3 Qe7 44. Qf5 Be5 45. g4 Kg8 46. gxh5 Bg7 47. h6 Qe3+ 48. Kg4 Qd4+ 49. Kh5 Qd1+ 50. Kh4 Qh1+ 51. Kg4 Qg1+ 52. Kf4 Qf2+ 53. Ke4 Qc2+ 54. Bd3 Qc6+ 55. Ke3 Qb6+ 56. Ke2 Bf8 57. Qh7# 1-0

[Event "Late-Titled-Tuesday-Blitz-January-16-2024"]
[Site "Chess.com"]
[Date "2024.01.16"]
[Round "10"]
[White "Jospem"]
[Black "Fandorine"]
[Result "0-1"]
[WhiteElo "3083"]
[BlackElo "2978"]
[TimeControl "180+1"]
[EndTime "15:57:27 PST"]
[Termination "Fandorine won by resignation"]

1. e4 e5 2. Nf3 Nc6 3. Bb5 a6 4. Ba4 Nf6 5. d3 d6 6. c3 Be7 7. O-O O-O 8. Re1 Re8 9. Nbd2 b5 10. Bb3 Bf8 11. Nf1 h6 12. Ng3 Ne7 13. a4 Rb8 14. axb5 axb5 15. d4 Ng6 16. h3 c5 17. Bc2 Bd7 18. Be3 Bc6 19. d5 Bd7 20. b4 c4 21. Qd2 Be7 22. Ra7 Nh7 23. Nf5 Bxf5 24. exf5 Ngf8 25. Rea1 Nd7 26. Nh2 Bg5 27. Nf1 e4 28.
R1a6 Ndf6 29. Qd4 Re5 30. Bxg5 Nxg5 31. Ne3 Re7 32. Ra5 Rxa7 33. Rxa7 Ngh7 34. Ra5 Qe8 35. Ra6 Qe7 36. Qa7 Qxa7 37. Rxa7 Nf8 38. Ra6 Rd8 39.
Rb6 h5 40. Rxb5 N8d7 41. Nxc4 Rc8 42. Bb3 e3 43. fxe3 Ne4 44. Rb7 Ndf6 45. b5 Ra8 46. Bc2 Ra1+ 47. Kh2 h4 48. Bxe4 Nxe4 49. g4 hxg3+ 50.
Kg2 Ra2+ 51. Kg1 Ng5 52. Rb8+ Kh7 53. Kf1 Nf3 54. Nd2 Rxd2 0-1

[Event "Late-Titled-Tuesday-Blitz-January-16-2024"]
[Site "Chess.com"]
[Date "2024.01.16"]
[Round "10"]
[White "RaugintaBulba"]
[Black "AldokhinIvan"]
[Result "0-1"]
[WhiteElo "2464"]
[BlackElo "2595"]
[TimeControl "180+1"]
[EndTime "15:57:28 PST"]
[Termination "AldokhinIvan won by checkmate"]

1. d4 Nf6 2. c4 g6 3. Nc3 Bg7 4. e4 O-O 5. h3 d6 6. Be3 Nc6 7.
d5 Nb4 8. Nf3 Re8 9. Be2 e6 10.
O-O exd5 11. exd5 a5 12. Qd2 Bd7 13. Bh6 Bh8 14. Nd4 Ne4 15. Nxe4 Rxe4 16. Nc2 Qe7 17.
Ne3 Qh4 18. Ng4 Rxe2 19. Qxe2 Bxg4 20. Qxg4 Qxh6 21. Qd7 Qf4 22. Qxc7 Nd3 23. g3 Qd4 24. Qxb7 Re8 25. Rad1 Qe4 26. Qb3 Ne5 27. f3 Qe2 28. Rf2 Qxc4 29. Qxc4 Nxc4 30. b3 Ne3 31. Re2 Re5 32.
Rde1 Nxd5 33. Rxe5 Bxe5 34. f4 Bf6 35. Rd1 Nc3 36.
Rxd6 Kg7 37. Ra6 Nxa2 38. Rxa5 Nb4 39. Ra8 Bc3 40. Rc8 Bf6 41. Rb8 Nd3 42. Kh2 h5 43. b4 h4 44. gxh4 Nxf4 45. Kg3 Ne6 46. b5 Be5+ 47.
Kg4 Bxb8 48. h5 gxh5+ 49. Kxh5 f5 50. h4 Kf6 51. b6 Bf4 52. b7 Ng7# 0-1

[Event "Late-Titled-Tuesday-Blitz-January-16-2024"]
[Site "Chess.com"]
[Date "2024.01.16"]
[Round "10"]
[White "GianmarcoVaR"]
[Black "Chessbard1972"]
[Result "1-0"]
[WhiteElo "2729"]
[BlackElo "2442"]
[TimeControl "180+1"]
[EndTime "15:57:29 PST"]
[Termination "GianmarcoVaR won by checkmate"]

1. d4 Nf6 2. Bf4 d5 3. e3 c5 4.
Nf3 Nc6 5. Nbd2 Qb6 6. dxc5 Qxb2 7. Rb1 Qc3 8. Bb5 Qxc5 9. c4 e6 10. Ne5 Bd7 11. Nxd7 Nxd7 12. O-O Be7 13. Nb3 Qb6 14.
Nd4 Qc5 15. cxd5 Qxd5 16. Nxc6 bxc6 17. Qxd5 cxd5 18. Bxd7+ Kxd7 19. Rb7+ Ke8 20. Rc1 g5 21. Bb8 Rg8 22. g4 Bd8 23. a4 a5 24. Rc6 Kf8 25.
Be5 Rg6 26. Kg2 f6 27. Bd6+ Kg8 28. Bc5 Rg7 29. Rxg7+ Kxg7 30. Rxe6 Rc8 31. Bd4 Kf7 32. Rd6 Be7 33. Rxd5 Bd8 34. Rd7+ Kg6 35. Ra7 Bc7 36. Ra6 Rf8 37. Rc6 Bd8 38. h3 h5 39. e4 hxg4 40.
hxg4 Re8 41. e5 Rf8 42. Kf3 Kg7 43. exf6+ Bxf6 44. Rxf6 Rxf6+ 45. Ke4 Kf7 46. Bxf6 Kxf6 47. Kd5 Ke7 48. Ke5 Kd7 49. Kf5 Kc6 50. Kxg5 Kc5 51.
Kf5 Kb4 52. g5 Kxa4 53. g6 Kb3 54. g7 a4 55. g8=Q+ Kb2 56. Qa8 a3 57. Ke5 a2 58.
Qxa2+ Kxa2 59. f4 Kb3 60. f5 Kc4 61. f6 Kb5 62. f7 Kc6 63. f8=Q Kb5 64. Qf4 Kc6 65.
Qd4 Kb5 66. Qc3 Kb6 67. Kd5 Kb7 68. Qb4+ Ka6 69. Kc6 Ka7 70. Qb7# 1-0